 Dungeon Crawl Stone Soup version 0.29-a0-330-g52719c12eb (webtiles) character file.

Game seed: 12141871375442119356

71 zishaf the Sneak (level 4, -9/24 HPs)
             Began as a Kobold Enchanter on Apr 12, 2022.
             Mangled by an ice beast (13 damage)
             ... on level 3 of the Dungeon.
             The game lasted 00:04:33 (3121 turns).

zishaf the Sneak (Kobold Enchanter)                 Turns: 3121, Time: 00:04:33

Health: -9/24      AC:  3    Str:  5    XL:     4   Next: 47%
Magic:  1/7        EV: 15    Int: 18    God:
Gold:   112        SH:  0    Dex: 15    Spells: 2/7 levels left

rFire   . . .      SeeInvis .   a - +1 dagger
rCold   . . .      Faith    .   (no shield)
rNeg    . . .      Spirit   .   b - +0 robe
rPois   .          Reflect  .   (no helmet)
rElec   .          Harm     .   i - +0 cloak
rCorr   .          Rampage  .   (no gloves)
Will    .....                   (no boots)
Stlth   ++++......              (no amulet)
HPRegen 0.08/turn               (no ring)
MPRegen 0.10/turn               (no ring)

@: confusing by touch, very slightly contaminated
A: small, no large weapons, nightstalker 3
a: no special abilities


You were on level 3 of the Dungeon.
You visited 1 branch of the dungeon, and saw 3 of its levels.

You collected 112 gold pieces.

Inventory:

Hand Weapons
 a - a +1 dagger (weapon)
Armour
 b - a +0 robe (worn)
 i - a +0 cloak (worn)
Magical Staves
 f - a staff of cold
Jewellery
 l - an amulet of faith
Scrolls
 d - a scroll of enchant weapon {unknown}
 g - a scroll of blinking {unknown}
 h - a scroll of immolation {unknown}
 j - 3 scrolls of identify {unknown}
 k - a scroll of teleportation {unknown}
 m - a scroll of magic mapping {unknown}
Potions
 c - 2 potions of invisibility
 e - a potion of flight {unknown}


   Skills:
 + Level 2.6 Short Blades
 - Level 3.1 Dodging
 + Level 4.7 Stealth
 * Level 2.3 Spellcasting
 + Level 3.5 Hexes
 + Level 1.1 Ice Magic


You had 2 spell levels left.
You knew the following spells:

 Your Spells              Type           Power      Damage    Failure   Level
a - Ensorcelled Hibernat  Hex/Ice        20%        N/A       11%         2
b - Confusing Touch       Hex            14%        N/A       13%         3

Your spell library contained the following spells:

 Spells                   Type           Power      Damage    Failure   Level
 Tukima's Dance           Hex            14%        N/A       13%         3
 Dazzling Flash           Conj/Hex       16%        N/A       26%         3


Dungeon Overview and Level Annotations

Branches:
Dungeon (3/15)

Altars:
Vehumet
The Shining One

Shops:
D:2 (


Innate Abilities, Weirdness & Mutations

You are small and have problems with some larger weapons.
You are completely attuned to the shadows.


Message History

The helpless ball python fails to defend itself.
You impale the ball python!!
You kill the ball python!
Found a glowing golden altar of the Shining One.
Found a hunting sling.
Found a stone staircase leading down.
Found an escape hatch in the floor.
j - 3 scrolls labelled IWURHI JUAZ (gained 1)
Found an escape hatch in the ceiling.
Found a stone staircase leading up.
There is an escape hatch in the ceiling here.
You now have 112 gold pieces (gained 5).
Found 18 stones.
You see here 18 stones.
An ice beast comes into view.
The helpless ice beast fails to defend itself.
You impale the ice beast!!
The ice beast is severely wounded.
The ice beast closely misses you.
Casting: Ensorcelled Hibernation (safe; 11% risk of failure)
Confirm with . or Enter, or press ? or * to list all spells.
You can't see any susceptible monsters within range! (Use Z to cast anyway.)
Casting: Ensorcelled Hibernation (safe; 11% risk of failure)
Confirm with . or Enter, or press ? or * to list all spells.
Okay, then.
Casting: Ensorcelled Hibernation (safe; 11% risk of failure)
Confirm with . or Enter, or press ? or * to list all spells.
The spell is quite dangerous to miscast (13% risk of failure)!
Continue anyway?
You miscast Confusing Touch.
You are very lightly contaminated with residual magic.
Nothing appears to happen.
The ice beast hits you. The ice beast freezes you!
Ouch! That really hurt!
Casting: Confusing Touch (quite dangerous; 13% risk of failure)
Confirm with . or Enter, or press ? or * to list all spells.
The spell is quite dangerous to miscast (13% risk of failure)!
Continue anyway?
Your hands begin to glow red.
The ice beast hits you.
* * * LOW HITPOINT WARNING * * *
The ice beast freezes you!
Ouch! That really hurt!
You die...

#.###...####.#####
.#.#.##.##.......#
# #.#...##.#.###.#
# ####..##.#.....#
#.....#######
#..#### #.##
#.#################
#.........(@Y......
###################


You could see an ice beast.

Vanquished Creatures
  3 adders
  4 bats
  3 endoplasms (D:1)
  3 hobgoblins
  3 jackals (D:1)
  3 quokkas (D:1)
  5 ball pythons
  5 frilled lizards
  5 goblins
  6 kobolds
  4 rats (D:1)
44 creatures vanquished.

Vanquished Creatures (others)
  2 withered plants (D:1)
2 creatures vanquished.

Grand Total: 46 creatures vanquished

Notes
Turn   | Place    | Note
-------+----------+-------------------------------------------
     0 | D:1      | zishaf the Kobold Enchanter began the quest for the Orb.
     0 | D:1      | Reached XP level 1. HP: 10/10 MP: 3/3
   588 | D:1      | Reached XP level 2. HP: 8/15 MP: 5/5
   591 | D:1      | Learned a level 2 spell: Ensorcelled Hibernation
  1144 | D:1      | Reached XP level 3. HP: 16/19 MP: 1/6
  1613 | D:1      | Found a faded altar of an unknown god.
  2257 | D:2      | Found Nur Jig's Antique Weapon Shop.
  2358 | D:2      | Reached XP level 4. HP: 24/24 MP: 7/7
  2365 | D:2      | Reached skill level 1 in Ice Magic
  2745 | D:3      | Learned a level 3 spell: Confusing Touch
  2800 | D:3      | Found a radiant altar of Vehumet.
  2922 | D:3      | Found a glowing golden altar of the Shining One.
  3112 | D:3      | Noticed an ice beast
  3121 | D:3      | Mangled by an ice beast

Illustrated notes

Levels and vault maps discovered:
D:1:      psy_arrival_heroes, layout_basic, shapermc_ecumenical_altar_flowoftime
D:2:      layout_rooms, serial_shops, nicolae_shop_hallway_plus,
          grunt_ministairs_12
D:3:      layout_basic, tso_metal_star, mainiacjoe_overflow_chevrons,
          general_overflow_altar, roderic_roman_lattice, minmay_lizard_king

Skill      XL: |  1  2  3  4 |
---------------+-------------+-----
Short Blades   | 2 |  2.6
Dodging        | 3 |  3.1
Ice Magic      | 1 |  1.1
Stealth        | |  4.7
Spellcasting   | |  2.3
Hexes          | |  3.5

Action                   |  1- 3 |  4- 6 || total
-------------------------+-------+-------++-------
Melee: Dagger            |    87 |     8 ||    95
       Punch             |     1 |       ||     1
 Cast: Ensorcelled Hiber |    24 |     1 ||    25
       Confusing Touch   |       |     1 ||     1
 Stab: Sleeping          |    28 |     8 ||    36
Armor: Robe              |    12 |       ||    12
Dodge: Dodged            |    62 |     1 ||    63

Table legend: (Time is in decaauts)
 A = Elapsed time spent in this place.
 B = Non-inter-level travel time spent in this place.
 C = Inter-level travel time spent in this place.
 D = Time resting spent in this place.
 E = Time spent auto-exploring this place.
 F = Levels seen in this place.
 G = Mean time per level.
                   A        B        C        D        E       F      G
               +--------+--------+--------+--------+--------+-----+--------+
         Total |   3111 |   3074 |     37 |    435 |   2232 |   3 | 1037.0 |
       Dungeon |   3111 |   3074 |     37 |    435 |   2232 |   3 | 1037.0 |
               +--------+--------+--------+--------+--------+-----+--------+

Top non-repeatable levels by time:
     D:1: 1835 daAuts
     D:2: 839 daAuts
     D:3: 437 daAuts
